Map: Pillars of Gold LE

Players

goblin - Winner!

  • Race: Protoss Protoss
  • League: Grandmaster
  • Spawn Location: 1:00

SKillous

  • Race: Protoss Protoss
  • League: Grandmaster
  • Spawn Location: 7:00

Event: DreamHack SC2 Masters 2020 Winter

VOD

Have the link to the VOD?

Description

Time

  • Played on: Oct. 25, 2020, noon
  • Length: 13:46

All games in this series

Show
View Real Time Build Order
Export as new Build Order

goblin Protoss - Winner!

Build Orders: Phoenix Opening, Mass Phoenix 

Get SALT Encoding   

  12  0:00  Probe  
  13  0:12  Probe  
  14  0:19  Pylon  
  14  0:24  Probe (Chrono Boost)  
  15  0:37  Probe (Chrono Boost)  
  15  0:38  Gateway  
  16  0:45  Probe (Chrono Boost)  
  16  0:47  Assimilator  
  17  0:51  Probe  
  18  0:58  Assimilator  
  18  1:03  Probe (Chrono Boost)  
  19  1:13  Probe (Chrono Boost)  
  19  1:18  Gateway, Probe (Chrono Boost)  
  21  1:28  Cybernetics Core  
  21  1:32  Probe  
  22  1:42  Pylon  
  22  1:44  Probe  
  23  2:00  Probe  
  24  2:06  Stalker x2  
  28  2:09  Warp Gate  
  28  2:19  Stargate  
  28  2:46  Nexus  
  28  2:56  Pylon  
  28  3:02  Phoenix (Chrono Boost)  
  29  3:05  Probe  
  30  3:18  Phoenix (Chrono Boost), Probe  
  33  3:28  Pylon  
  33  3:30  Probe  
  34  3:40  Phoenix (Chrono Boost)  
  34  3:42  Probe  
  38  3:58  Phoenix, Probe x2 (Chrono Boost)  
  41  4:07  Probe (Chrono Boost)  
  41  4:09  Probe (Chrono Boost)  
  43  4:15  Probe  
  44  4:22  Phoenix (Chrono Boost)  
  46  4:24  Probe  
  46  4:27  Probe  
  48  4:32  Pylon  
  48  4:36  Probe  
  48  4:38  Phoenix  
  49  4:40  Probe  
  52  4:48  Probe  
  52  4:52  Probe  
  54  4:56  Pylon  
  54  5:01  Probe  
  54  5:03  Phoenix (Chrono Boost)  
  54  5:04  Probe  
  54  5:06  Stalker x2  
  60  5:15  Probe  
  60  5:20  Phoenix, Twilight Council  
  61  5:28  Assimilator, Probe x2  
  65  5:40  Probe  
  65  5:42  Nexus  
  66  5:43  Pylon  
  66  5:54  Probe x2  
  70  5:58  Charge (Chrono Boost)  
  70  6:02  Gateway  
  68  6:04  Gateway, Protoss Air Weapons Level 1  
  68  6:06  Probe x2  
  70  6:11  Forge  
  70  6:14  Phoenix (Chrono Boost)  
  72  6:19  Probe x2  
  74  6:27  Gateway  
  74  6:28  Gateway  
  74  6:31  Probe x2  
  76  6:34  Phoenix  
  78  6:43  Probe x2 (Chrono Boost)  
  78  6:46  Pylon  
  80  6:52  Photon Cannon  
  80  6:53  Photon Cannon  
  80  6:54  Probe (Chrono Boost)  
  80  6:58  Phoenix (Chrono Boost)  
  84  7:01  Probe (Chrono Boost)  
  84  7:04  Probe x2 (Chrono Boost)  
  86  7:12  Zealot x4  
  86  7:14  Phoenix (Chrono Boost)  
  94  7:18  Protoss Ground Weapons Level 1  
  96  7:23  Photon Cannon  
  94  7:33  Pylon, Zealot x2  
  94  7:36  Phoenix (Chrono Boost)  
  100  7:38  Zealot x2  
  100  7:43  Pylon  
  104  7:44  Pylon, Zealot  
  104  7:46  Probe  
  104  7:55  Zealot x3  
  104  7:56  Phoenix (Chrono Boost)  
  104  8:12  Phoenix (Chrono Boost), Zealot x3  
  112  8:32  Nexus  
  110  8:36  Phoenix (Chrono Boost), Pylon  
  110  8:40  Stargate  
  98  8:41  Assimilator  
  94  8:51  Probe  
  94  8:52  Probe  
  94  8:53  Probe  
  94  8:54  Assimilator  
  94  8:55  Phoenix (Chrono Boost), Pylon  
  99  8:59  Zealot x2  
  99  9:00  Zealot x4  
  111  9:03  Probe  
  111  9:09  Photon Cannon  
  112  9:12  Phoenix (Chrono Boost)  
  112  9:13  Shield Battery  
  112  9:14  Pylon  
  114  9:20  Sentry  
  118  9:27  Phoenix (Chrono Boost)  
  118  9:28  Zealot  
  118  9:29  Zealot x3  
  128  9:33  Phoenix (Chrono Boost)  
  128  9:39  Phoenix (Chrono Boost)  
  129  9:50  Stalker x2, Zealot x4  
  129  9:52  Phoenix (Chrono Boost)  
  143  9:53  Probe  
  143  9:54  Probe x3  
  147  10:05  Probe  
  147  10:06  Probe x2  
  148  10:09  Phoenix (Chrono Boost)  
  88  10:21  Phoenix (Chrono Boost)  
  140  10:32  Phoenix (Chrono Boost)  
  114  10:37  Zealot x6  
  114  10:42  Gateway  
  124  10:45  Gateway  
  124  10:47  Phoenix (Chrono Boost), Pylon  
  120  10:50  Phoenix (Chrono Boost)  
  120  10:56  Templar Archives  
  120  10:58  Zealot x6, Protoss Ground Weapons Level 2 (Chrono Boost)  
  134  11:05  Phoenix (Chrono Boost)  
  134  11:06  Phoenix (Chrono Boost)  
  134  11:10  Photon Cannon  
  136  11:19  Shield Battery x2  
  136  11:21  Stalker x3  
  136  11:22  Zealot  
  142  11:28  Stalker  
  142  11:29  Zealot  
  146  11:44  Stalker x2, Zealot x3  
  156  11:49  High Templar x2  
  150  11:56  Archon  
  118  12:10  Zealot x5  
  126  12:19  Zealot  
  126  12:23  Gateway  
  126  12:24  Zealot x2  
  126  12:28  Gateway  
  126  12:29  Shield Battery  
  130  12:30  Phoenix x2  
  130  12:31  Shield Battery  
  130  12:32  High Templar x4, Shield Battery  
  130  12:33  Zealot  
  130  12:34  Shield Battery  
  144  12:38  Assimilator, Archon, Probe x2  
  144  12:39  Assimilator, Archon  
  144  12:40  Pylon  
  146  12:45  Zealot x3  
  152  13:00  Zealot x3  
  152  13:04  Phoenix  
  152  13:05  High Templar x2, Zealot x2  
  164  13:09  Archon  
  166  13:13  Zealot  
  166  13:16  Pylon  
  168  13:24  Zealot x2  
  168  13:25  Zealot x3  
  150  13:39  Zealot x5  
Show
View Real Time Build Order
Export as new Build Order

SKillous Protoss 

Build Orders: Blink Stalkers 

Get SALT Encoding   

  12  0:00  Probe  
  13  0:12  Probe  
  14  0:18  Pylon  
  14  0:24  Probe (Chrono Boost)  
  15  0:36  Probe (Chrono Boost)  
  15  0:39  Gateway  
  16  0:45  Probe (Chrono Boost)  
  16  0:47  Assimilator  
  17  0:50  Probe  
  17  0:56  Assimilator  
  18  1:03  Probe (Chrono Boost)  
  19  1:13  Gateway, Probe (Chrono Boost)  
  19  1:17  Probe (Chrono Boost)  
  21  1:28  Cybernetics Core  
  21  1:30  Probe  
  22  1:39  Pylon  
  22  1:43  Probe  
  23  1:57  Probe  
  24  2:05  Stalker x2  
  28  2:08  Warp Gate  
  28  2:19  Pylon  
  27  2:44  Nexus  
  27  2:49  Sentry  
  30  2:54  Pylon  
  30  2:56  Probe  
  30  2:59  Sentry  
  32  3:06  Shield Battery  
  32  3:08  Probe  
  33  3:14  Twilight Council  
  33  3:20  Probe  
  33  3:25  Shield Battery  
  34  3:32  Probe  
  34  3:34  Pylon  
  35  3:45  Probe  
  35  3:48  Blink (Chrono Boost)  
  36  3:57  Probe x2 (Chrono Boost)  
  38  4:09  Probe x2 (Chrono Boost)  
  40  4:10  Stalker  
  43  4:18  Stalker, Probe (Chrono Boost)  
  43  4:19  Probe (Chrono Boost)  
  46  4:26  Probe (Chrono Boost)  
  46  4:28  Probe (Chrono Boost)  
  46  4:35  Stalker  
  46  4:38  Probe (Chrono Boost)  
  50  4:39  Probe (Chrono Boost)  
  50  4:43  Stalker, Probe (Chrono Boost)  
  53  4:47  Probe  
  53  4:54  Probe  
  53  4:59  Probe  
  55  5:04  Nexus  
  55  5:11  Pylon, Probe (Chrono Boost)  
  55  5:12  Probe (Chrono Boost)  
  55  5:22  Probe (Chrono Boost)  
  55  5:24  Probe (Chrono Boost)  
  55  5:27  Stalker, Robotics Facility, Probe (Chrono Boost)  
  57  5:33  Probe  
  59  5:36  Stalker  
  59  5:38  Probe  
  58  5:45  Probe  
  59  5:50  Probe  
  59  5:51  Gateway  
  59  5:52  Stalker  
  59  5:54  Gateway  
  62  5:59  Probe  
  62  6:03  Pylon, Probe  
  64  6:06  Stalker  
  64  6:11  Probe  
  67  6:13  Charge (Chrono Boost)  
  67  6:16  Probe x2  
  69  6:20  Observer  
  69  6:23  Probe  
  71  6:28  Stalker, Shield Battery  
  71  6:30  Stalker  
  71  6:31  Probe  
  71  6:32  Probe  
  77  6:35  Probe  
  77  6:43  Probe  
  77  6:44  Probe  
  79  6:47  Probe  
  79  6:48  Warp Prism (Chrono Boost)  
  79  6:49  Stalker x2  
  85  6:55  Stalker  
  85  6:56  Pylon  
  85  6:58  Stalker  
  89  7:13  Stalker x2  
  89  7:16  Gateway  
  89  7:17  Gateway  
  89  7:22  Gateway  
  89  7:25  Gateway, Pylon  
  89  7:37  Stalker x4  
  89  7:40  Gateway  
  97  7:47  Gateway  
  73  8:09  Stalker x4  
  75  8:17  Zealot x3  
  81  8:20  Zealot  
  81  8:23  Probe x3  
  81  8:26  Shield Battery  
  84  8:28  Shield Battery  
  84  8:30  Zealot x3  
  84  8:33  Zealot x2  
  94  8:41  Zealot x3  
  80  8:44  Probe (Chrono Boost)  
  80  8:45  Stalker x2  
  90  8:49  Assimilator  
  90  8:52  Probe x2 (Chrono Boost)  
  90  8:54  Assimilator  
  89  8:57  Assimilator  
  89  9:01  Assimilator  
  89  9:02  Templar Archives  
  88  9:04  Zealot x7  
  88  9:08  Stalker  
  104  9:16  Stalker x2  
  108  9:21  Pylon  
  108  9:22  Pylon  
  108  9:25  Pylon  
  108  9:37  Warp Prism (Chrono Boost)  
  108  9:40  High Templar x2  
  108  9:41  Zealot x3  
  111  9:46  Stalker x2  
  111  9:49  Probe  
  113  9:55  Sentry  
  113  9:56  Zealot, Sentry  
  119  10:08  Stalker x2  
  119  10:09  Stalker  
  117  10:19  Zealot x5  
  123  10:25  Zealot x2  
  117  10:31  Zealot  
  117  10:32  Zealot x2  
  101  10:36  Observer  
  101  10:37  Warp Prism (Chrono Boost)  
  103  10:46  High Templar x4  
  103  10:47  Zealot  
  113  10:50  Archon  
  113  10:51  Archon  
  113  10:52  Zealot, Sentry  
  113  10:53  Zealot  
  113  10:55  Sentry  
  121  10:58  Zealot  
  123  11:07  Pylon  
  123  11:11  Zealot x3  
  127  11:28  High Templar x2  
  127  11:29  Zealot x5  
  141  11:33  Archon, Pylon  
  141  11:37  Pylon  
  141  11:46  Pylon  
  131  11:57  Zealot x8  
  109  12:05  Warp Prism (Chrono Boost)  
  96  12:21  Zealot x6  
  104  12:28  High Templar x4  
  112  12:33  Archon x2  
  110  12:45  High Templar x2  
  110  12:46  High Templar x3  
  110  12:47  High Templar  
  110  12:49  Archon  
  110  12:50  Archon  
  110  12:51  Archon  
  114  13:04  High Templar x2, Zealot  
  114  13:05  Zealot  
  122  13:08  Archon  
  122  13:10  Zealot  
  122  13:12  Zealot  
  126  13:23  Zealot  
  126  13:24  Zealot x4  
  136  13:29  Zealot x2  
Tags
 
Add a new tag
Caveats
  • Supply blocks, unpowered buildings, or Contaminate may cause inaccurate times.
  • Supply counts are checked every 10 seconds.